 Dungeon Crawl Stone Soup version 0.23-a0-329-g6f3f904 (webtiles) character file.

161 Ijustatesigmund the Sneak (level 5, -6/31 HPs)
             Began as an Octopode Wizard on Oct 16, 2018.
             Mangled by an orc warrior
             ... wielding a +0 war axe
              (22 damage)
             ... on level 4 of the Dungeon.
             The game lasted 00:09:52 (4553 turns).

Ijustatesigmund the Sneak (Octopode Wizard)         Turns: 4553, Time: 00:09:53

Health: -6/31      AC:  1    Str:  9    XL:     5   Next: 42%
Magic:  0/9        EV: 13    Int: 21    God:
Gold:   191        SH:  0    Dex: 11    Spells: 4/10 levels left

rFire    . . .     SeeInvis .   b - +1 mace
rCold    . . .     Gourm    .   (no shield)
rNeg     . . .     Faith    .   a - +0 hat
rPois    .         Spirit   .   (no amulet)
rElec    .         Reflect  .   g - ring of stealth
rCorr    .         Harm     .   i - +3 ring of strength
MR       .....                  (no ring)
Stlth    +++++.....             (no ring)
HPRegen  0.10/turn              (no ring)
MPRegen  0.11/turn              (no ring)
                                (no ring)
                                (no ring)

@: no status effects
A: almost no armour, stealthy swim, amphibious, 8 rings, constrict 8, camouflage
1, gelatinous body 1
a: no special abilities


You were on level 4 of the Dungeon.
You were not hungry.

You visited 1 branch of the dungeon, and saw 4 of its levels.

You collected 191 gold pieces.

Inventory:

Hand Weapons
 b - a +1 mace (weapon)
 f - a +0 blowgun
Missiles
 n - 26 poisoned needles
Armour
 a - a +0 hat (worn)
 o - a +0 shield
 q - a +0 buckler
Jewellery
 g - a ring of stealth (left tentacle)
 i - a +3 ring of strength (right tentacle)
Scrolls
 d - 4 scrolls of identify
 h - 2 scrolls of blinking
 l - a scroll of immolation
 m - a scroll of remove curse
Potions
 e - 2 potions of curing
 j - 2 potions of flight
 p - a potion of resistance
Comestibles
 c - 8 rations


   Skills:
 - Level 2.0 Dodging
 - Level 5.5 Stealth
 - Level 3.0 Spellcasting
 - Level 2.5 Conjurations
   Level 1.0 Summonings
 + Level 2.1 Translocations
 + Level 1.1 Air Magic
 + Level 1.2 Poison Magic


You had 4 spell levels left.
You knew the following spells:

 Your Spells              Type           Power        Failure   Level  Hunger
a - Magic Dart            Conj           ##..         4%          1    None
b - Blink                 Tloc           N/A          9%          2    ##.....
c - Mephitic Cloud        Conj/Pois/Air  #.......     21%         3    ###....

Your spell library contained the following spells:

 Spells                   Type           Power        Failure   Level  Hunger
 Call Imp                 Summ           #.......     13%         2    ##.....
 Slow                     Hex            #.......     21%         2    ##.....
 Conjure Flame            Conj/Fire      #.......     24%         3    ###....


Dungeon Overview and Level Annotations

Branches:
Dungeon (4/15)
 Temple: D:4-7

Altars:
Nemelex Xobeh

Annotations:
D:3 Grinder


Innate Abilities, Weirdness & Mutations

You cannot wear most types of armour.
You are very stealthy in the water. (Stealth+)
You are amphibious.
You can wear up to eight rings at the same time.
You can use your tentacles to constrict eight enemies at once.
Your skin changes colour to match your surroundings (Stealth+).
Your rubbery body absorbs attacks. (AC +1, EV +1)


Message History

Press: ? - help, Shift-Dir - straight line, f/p - orc warrior
Aim: an orc warrior, wielding a +0 war axe, wearing a +0 plate armour and The magic dart hits the orc warrior.
The orc warrior is almost dead.
You constrict the orc warrior, but do no damage.
You hit the orc warrior but do no damage.
The orc warrior is almost dead.
You constrict the orc warrior, but do no damage.
The orc warrior escapes!
You feel better.
Casting: Magic Dart (safe; 4% risk of failure)
Confirm with . or Enter, or press ? or * to list all spells.
Aiming: Magic Dart (safe; 4% risk of failure)
Press: ? - help, Shift-Dir - straight line, f/p - orc warrior
Aim: an orc warrior, wielding a +0 war axe, wearing a +0 plate armour and The magic dart hits the orc warrior.
The orc warrior is almost dead.
The orc warrior hits you with a +0 war axe!!
Ouch! That really hurt!
You die...

##############
#.#.#.##<....##
..............##
......#........#
...............#
......#........#
.)>............#
......#......).######
...............o@..(#
#.#.#.##........#####
.........###..###
####.........##
###..#.#######
..(....# o#)###.#
.#.# #.# ...# #.#


You could see an orc warrior (confused).

Vanquished Creatures
  A hound (D:3)
  Jessica (D:2)
  Terence (D:2)
  An adder (D:2)
  A worm (D:4)
  4 dart slugs
  2 leopard geckos (D:1)
  7 orcs
  A ball python (D:2)
  7 goblins
  9 hobgoblins
  5 kobolds
  3 bats (D:1)
  4 frilled lizards
  4 rats
51 creatures vanquished.

Notes
Turn   | Place    | Note
-------+----------+-------------------------------------------
     0 | D:1      | Ijustatesigmund the Octopode Wizard began the quest for the
                  | Orb.
     0 | D:1      | Reached XP level 1. HP: 11/11 MP: 4/4
   273 | D:1      | Reached XP level 2. HP: 17/17 MP: 1/6
   277 | D:1      | Learned a level 2 spell: Blink
  1247 | D:1      | Reached XP level 3. HP: 21/21 MP: 4/7
  1252 | D:1      | Learned a level 3 spell: Mephitic Cloud
  2506 | D:2      | Noticed Terence
  2657 | D:2      | Reached skill level 3 in Stealth
  2842 | D:2      | Killed Terence
  2842 | D:2      | Reached skill level 4 in Stealth
  2842 | D:2      | Reached XP level 4. HP: 13/27 MP: 1/8
  3218 | D:2      | Noticed Jessica
  3261 | D:2      | Killed Jessica
  3261 | D:2      | Reached skill level 5 in Stealth
  3636 | D:3      | Noticed Grinder
  3710 | D:3      | Reached XP level 5. HP: 27/31 MP: 5/9
  3772 | D:3      | Found a sparkling altar of Nemelex Xobeh.
  3828 | D:3      | Reached skill level 1 in Poison Magic
  4201 | D:4      | Reached skill level 1 in Air Magic
  4376 | D:4      | Noticed an orc warrior
  4553 | D:4      | Mangled by an orc warrior

Vault maps used:
D:1:      eino_arrival_cavern_b
D:2:      hangedman_decor_clover_reticule, kennysheep_generic_room_10,
          uniq_terence, uniq_jessica
D:3:      grunt_dithmenos_smoke_and_mirrors, old_standard_altar, first_ration,
          uniq_grinder
D:4:      kennysheep_spiral_hall, st_stairs_4, minmay_misc_feat_four_crosses

Skill      XL: |  1  2  3  4  5 |
---------------+----------------+-----
Conjurations   | 2 |  2.5
Stealth        | 4 5 |  5.5
Translocations | 2 |  2.1
Poison Magic   | 1 |  1.2
Air Magic      | 1 |  1.1
Dodging        | |  2.0
Spellcasting   | |  3.0
Summonings     | |  1.0

Action                   |  1- 3 |  4- 6 || total
-------------------------+-------+-------++-------
Melee: Unarmed           |    12 |       ||    12
       Constrict         |     4 |     6 ||    10
       Tentacles         |     2 |     1 ||     3
       Mace              |     7 |    23 ||    30
 Cast: Magic Dart        |    63 |    84 ||   147
       Mephitic Cloud    |     1 |     3 ||     4
       Blink             |     1 |       ||     1
  Use: Scroll            |     9 |     4 ||    13
       Potion            |     1 |     2 ||     3
 Stab: Confused          |       |     1 ||     1
  Eat: Chunk             |     5 |     3 ||     8
       Ration            |       |     1 ||     1
Armor: Skin              |     2 |       ||     2
Dodge: Dodged            |    16 |    34 ||    50

Table legend:
 A = Non-vault XP
 B = Vault XP
 C = Vault XP percentage of total XP
 D = Non-vault monster count
 E = Vault monster count
 F = Vault count percentage of total count
                 A         B        C        D         E       F
            +---------+---------+-------+---------+---------+-------
      Total |     114 |     116 |  50.4 |      48 |       3 |   5.9
            +---------+---------+-------+---------+---------+-------
        D:1 |      47 |       0 |   0.0 |      25 |       0 |   0.0
        D:2 |      28 |      73 |  72.3 |       8 |       2 |  20.0
        D:3 |      18 |      43 |  70.5 |       9 |       1 |  10.0
        D:4 |      21 |       0 |   0.0 |       6 |       0 |   0.0
            +---------+---------+-------+---------+---------+-------
